← All builds
Tech / Armada / Economy first / OBSERVED BUILD

Standard tech

Armada Tech (Eco) build order · Supreme Isthmus

Rushes T2 by 4:15, gets Advanced Metal Extractor around 5:28, hands off T2 constructors to Geo and the team, then scales eco and supplies the team's T2 needs through the rest of the game.

Usually first T2 con to Geo (83%)

#eco #t2 #team support · 1591 distinct matches · 254 players · 60% of Armada Tech games · team won 53% of 1901 · Recently observed

HOW TO PLAY IT

Key timing: T2 factory by 4:15

  1. Open 3 mex and heavy wind to fund a fast T2 rush.
  2. Put down Bot Lab, planning to eat it for reclaim soon after.
  3. Get Advanced Bot Lab up, hitting the T2 factory rush timing.
  4. Upgrade mex to Advanced Metal Extractor to lock in team metal income.
  5. Eat Advanced Bot Lab and keep sending cons to Geo and Pond.

Phase by phase

TYPICAL OF ITS 1591 GAMES
  1. 1
  2. 2
  3. 3
  4. 4
PLAY THE OPENING

Follow the example game's first 6:00 step by step: what to build now, what comes next, and where it goes. At 1× it keeps pace with your own game.

  1. 1

    Up to the Bot Lab

    Economy
    • Metal Extractor3Mex
    • Wind Turbine4Wind
    Order
    1. Bot LabBot Lab after 3 mex, 4 winddone ~1:18, middle half 1:13–1:32

    Some games also: energy storage (31%)

    By 1:01 in all: 3 mex · 4 wind

    The example game in this phase · 6 steps
    1. Mex ×2
    2. Wind
    3. Mex
    4. Wind ×4
    5. Energy storage
    6. Bot LabBot Labdone 1:35 · typical 1:18
  2. 2

    Bot Lab to Advanced Bot Lab

    Economy
    • Metal Extractor1Mex
    • Wind Turbine8Wind
    • Energy Storage1Energy storage
    Order
    1. Advanced Bot LabAdvanced Bot Lab after 4 mex, 12 wind, 3 con turretdone ~4:16, middle half 4:04–4:30
    Builders
    • Construction Turret3 Con turret
    • Lazarus3 Lazarus
    • Construction Bot2 Con bot
    • Construction Bot1 Con bot for allies

    Some games also: converter (36%)

    By 3:18 in all: 4 mex · 12 wind · 1 energy storage · 3 con turret

    The example game in this phase · 17 steps
    1. Wind
    2. LazarusLazarus
    3. Wind
    4. Construction BotCon bot
    5. Wind
    6. Con turret
    7. Construction BotCon botfor Air
    8. Wind ×2
    9. Construction BotCon bot
    10. Con turret
    11. Wind
    12. Mex
    13. Wind ×3
    14. LazarusLazarus
    15. Con turret
    16. Wind ×2
    17. Advanced Bot LabAdvanced Bot Labdone 4:01 · typical 4:16
  3. 3

    Advanced Bot Lab to 5:00

    Economy
    • Wind Turbine3Wind
    Order
    1. Bot LabEat Bot Lab
    Builders
    • Advanced Construction Bot1 T2 con bot for allies

    Some games also: converter (35%)

    By 5:00 in all: 4 mex · 15 wind · 1 converter · 1 energy storage · 3 con turret

    The example game in this phase · 5 steps
    1. Wind
    2. Bot LabEat Bot Labreclaimed for its metal
    3. Advanced Construction BotT2 con botfor Geo
    4. Advanced Metal ExtractorT2 mexdone 5:28 · typical 5:28
    5. Advanced Construction BotT2 con botfor Air
  4. 4

    5:00 to 10:00

    Economy
    • Wind Turbine43Wind
    • Energy Converter6Converter
    Builders
    • Butler9 Butler
    • Advanced Construction Bot4 T2 con bot for allies
    • Advanced Construction Bot1 T2 con bot

    Some games also: con turret (43%) · Butler for allies (37%)

    By 10:00 in all: 4 mex · 58 wind · 8 converter · 1 energy storage · 3 con turret

    The example game in this phase · 164 steps
    1. Advanced Construction BotT2 con botfor Pond
    2. Advanced Metal ExtractorT2 mex ×2
    3. Advanced Construction BotT2 con botfor Geo sea
    4. Converter ×2
    5. ButlerButler
    6. Converter
    7. Advanced Metal ExtractorT2 mex
    8. ButlerButler
    9. Converter ×2
    10. ButlerButler
    11. Converter
    12. ButlerButler ×3
    13. Wind
    14. ButlerButler
    15. Advanced Construction BotT2 con botfor Beach sea
    16. Wind ×5
    17. ButlerButler
    18. Wind ×4
    19. ButlerButler
    20. Wind ×4
    21. ButlerButlerfor Geo sea
    22. Wind ×2
    23. Con turret
    24. Wind ×7
    25. ButlerButler
    26. Wind ×7
    27. ButlerButler
    28. Wind ×5
    29. ButlerButler
    30. Wind ×4
    31. Converter
    32. Wind ×2
    33. ButlerButler
    34. Wind ×4
    35. Converter
    36. Wind ×8
    37. SharpshooterSniper botnot finished by 15:00
    38. Wind ×3
    39. Converter
    40. Wind ×2
    41. UmbrellaAnti-nukedone 10:18
    42. Wind ×6
    43. Converter
    44. Wind ×3
    45. Converter
    46. Wind ×2
    47. Converter
    48. Wind ×2
    49. Converter
    50. Wind
    51. Advanced Construction BotT2 con bot
    52. Wind ×2
    53. Converter
    54. Wind
    55. Metal storage
    56. Converter
    57. Wind
    58. TracerTracer
    59. Converter
    60. Wind
    61. Converter
    62. Advanced Bot LabEat Advanced Bot Labreclaimed for its metal
    63. Wind ×4
    64. Con turret
    65. Wind
    66. Converter
    67. Wind ×4
    68. Fusion ReactorFusiondone 12:03
    69. Wind ×4
    70. Con turret
    71. Wind
    72. Converter
    73. Wind ×3
    74. Con turret
    75. Wind ×3
    76. Converter
    77. Wind ×4
    78. Con turret
    79. Wind ×6
    80. Converter
    81. Wind ×3
    82. Converter
    83. Wind ×3
    84. Converter
    85. Wind ×9
    86. Converter
    87. Wind ×5
    88. Fusion ReactorFusion
    89. Wind
    90. Converter ×2
    91. Wind ×4
    92. Converter
    93. Wind
    94. Con turret
    95. Converter
    96. Wind ×3
    97. Converter
    98. Wind ×2
    99. Converter
    100. Wind ×4
    101. Converter
    102. Wind
    103. Converter ×2
    104. Wind
    105. Converter
    106. Wind ×4
    107. Converter
    108. Con turret
    109. Wind ×4
    110. Converter
    111. Wind
    112. Converter ×2
    113. Wind ×5
    114. Converter ×2
    115. Con turret
    116. Wind ×4
    117. Converter ×2
    118. Wind ×2
    119. Converter ×2
    120. NettleNettle
    121. Wind ×2
    122. NettleNettle
    123. Wind
    124. Converter
    125. NettleNettle
    126. Converter
    127. Wind
    128. NettleNettle
    129. Wind
    130. NettleNettle
    131. Converter ×2
    132. Fusion ReactorFusion
    133. Wind ×4
    134. NettleNettle ×2
    135. Converter ×2
    136. Wind ×3
    137. Converter
    138. Wind ×2
    139. Converter
    140. Wind ×3
    141. Converter
    142. Wind ×4
    143. Converter ×2
    144. Wind ×4
    145. Converter
    146. Wind
    147. Converter
    148. Wind
    149. Advanced Bot LabAdvanced Bot Labdone 14:46
    150. Wind ×4
    151. Converter
    152. Wind ×3
    153. Converter ×2
    154. Wind
    155. PlatypusPlatypus
    156. CitadelAnti-nukenot finished by 15:00
    157. Wind ×2
    158. Converter
    159. PlatypusPlatypus
    160. Wind ×3
    161. Converter
    162. Wind ×2
    163. PlatypusPlatypus
    164. Wind

Counts are medians over the build's games: half of them build more, half fewer. The example game is bob7's (31 OS, 07/09/2026); pick another.

Team trades

IN AT LEAST 30% OF ITS GAMES

You hand over

  • Construction Bot1 Con bot to Airfirst at 2:23 · in 84% of games
  • Advanced Construction Bot5 T2 con bot to Air or Pond or Geo seafirst at 4:50 · in 99% of games
  • Butler2 Butler to Geo sea or Beach sea or Pondfirst at 9:06 · in 42% of games

You get

  • Hercules1 Light transport from Airfirst at 4:01 · in 86% of games

How it plays out

Typical game of this build, running totals by minute

Metal produced

020k40k
0:005:0010:0015:00

metal

Enemy metal destroyed

050100150
0:005:0010:0015:00

metal

Own metal lost

050100150
0:005:0010:0015:00

metal

1901 games.

Show as table
ByMetal produced: This buildEnemy metal destroyed: This buildOwn metal lost: This build
1:0038300
2:0091500
3:00165200
4:00314400
5:00484800
6:00580200
7:00723000
8:00906500
9:001117900
10:001352400
11:001624200
12:001965200
13:002342800
14:0027285074
15:0031507115130
WHAT THE NUMBERS SAY

Standard Tech play barely fights at all early, instead pouring metal into T2 infrastructure and constructors for the team.

  • + Metal produced hits 31679 by 15:00, by far the highest of any role here.
  • + T2 factory reached in 97% of games by 4:15, fastest and most reliable T2 timing.
  • − Enemy metal destroyed stays at 0 through 10:00, no early offense at all.
  • − Own metal lost also near 0, showing total avoidance of combat risk.
THE EXAMPLE YOU ARE READING

bob7

30.5 OS · 07/09/2026

Open source match ↗

1 received units
3015 metal received · 57732 energy received

Allied construction assistance is unknown. Timings are observations, not a promise of solo reproducibility.

Typical milestones

Bot Lab1:18Middle 50%: 1:13–1:32 · n=1901
Advanced Bot Lab4:16Middle 50%: 4:04–4:30 · n=1894
Advanced Metal Extractor5:28Middle 50%: 5:05–5:59 · n=1897

Played most by

Amrissa97games of this buildTheGeneraI70games of this buildAdeus57games of this buildEl_Turco55games of this buildKOT_45games of this build